 Dungeon Crawl Stone Soup version 0.31.0-11-ge490571c62 (webtiles) character file.

Game seed: 11906862357879168857

2 qw the Shooter (level 1, 0/10 HPs)
             Began as a Spriggan Hunter on Feb 4, 2024.
             Slain by a hobgoblin (2 damage)
             ... on level 1 of the Dungeon.
             The game lasted 00:00:00 (83 turns).

qw the Shooter (Spriggan Hunter)                      Turns: 83, Time: 00:00:00

Health: 0/10       AC:  2    Str:  7    XL:     1   Next: 33%
Magic:  2/2        EV: 18    Int: 10    God:
Gold:   0          SH:  0    Dex: 18    Spells: 0/0 levels left

rFire   . . .        a - +0 shortbow
rCold   . . .        (shield currently unavailable)
rNeg    . . .        c - +0 robe
rPois   .            (helmet restricted)
rElec   .            (no cloak)
rCorr   .            (gloves unavailable)
SInv    +            (boots unavailable)
Will    .....        (no amulet)
Stlth   ++           (no ring)
HPRegen 0.21/turn    (no ring)
MPRegen 0.08/turn

%: no passive effects
@: very quick
A: very small, no large weapons, unfitting armour, see invisible, speed 3
a: no special abilities


You were on level 1 of the Dungeon.
You visited 1 branch of the dungeon, and saw 2 of its levels.


Innate Abilities, Weirdness & Mutations

You are very small and have problems with some larger weapons.
You are too small for most types of armour.
You have supernaturally acute eyesight. (SInv)
You cover ground extremely quickly. (Speed+++)


   Skills:
 - Level 1.5 Fighting
 - Level 4.0 Ranged Weapons
 + Level 3.1 Dodging
 - Level 1.5 Stealth


You couldn't memorise any spells.
You didn't know any spells.
Your spell library was empty.

Inventory:

Hand Weapons
 a - a +0 shortbow (weapon)
Armour
 c - a +0 robe (worn)

Dungeon Overview and Level Annotations

Branches:
Dungeon (2/15)

Altars:


Message History

You shoot an arrow. The arrow hits the jackal.
The jackal is almost dead.
The jackal closely misses you.
You shoot an arrow. The arrow hits the jackal!
You kill the jackal!
Your Dodging skill increases to level 3!
Found a club.
A malevolent force fills the Dungeon...
You fall into a shaft and drop 1 floor!
The shaft crumbles and collapses.
Found a leather armour.
Waypoint 1 assigned to D:2.
Found a stone staircase leading up.
68 ||| DROPPING scroll of butterflies.
You drop a scroll of butterflies.
What level of the Dungeon? (default 1, ? - help)
Found 12 gold pieces.
There is a stone staircase leading up here.
You climb upwards.
The hobgoblin shouts!
The kobold shouts!
There is a stone staircase leading down here.
There are monsters nearby!
You shoot an arrow. The arrow closely misses the kobold.
The hobgoblin hits you. The kobold misses you.
You shoot an arrow. The arrow closely misses the kobold.
The giant cockroach misses you. The hobgoblin misses you.
The kobold hits you with a +0 dagger.
You shoot an arrow.
The arrow hits the kobold but does no damage.
The giant cockroach misses you. The hobgoblin barely misses you.
The kobold barely misses you. The giant cockroach misses you.
You shoot an arrow. The arrow closely misses the goblin.
The goblin barely misses you. The hobgoblin completely misses you.
The kobold hits you with a +0 dagger. The giant cockroach barely misses you.
You shoot an arrow. The arrow barely misses the goblin.
The giant cockroach misses you. The hobgoblin barely misses you.
The goblin misses you. The kobold hits you with a +0 dagger.
You shoot an arrow. The arrow hits the goblin.
You kill the goblin!
The giant cockroach bites you but does no damage.
The hobgoblin hits you.
You die...

.....# .#
.....##.
#......###
#........
#####......#
#..........#
#....gB....#
#....K@....#
#####).....#
#......#
#......#
#......#
#......#
#......#
##.#####


You could see a giant cockroach, a hobgoblin and a kobold.

Vanquished Creatures
  A goblin (D:1)
  2 jackals (D:1)
3 creatures vanquished.

Notes
Turn   | Place    | Note
-------+----------+-------------------------------------------
     0 | D:1      | qw the Spriggan Hunter began the quest for the Orb.
     0 | D:1      | Reached XP level 1. HP: 10/10 MP: 2/2
     0 | D:1      | 0 ||| qw: Version: 0.3-a-160-g6735b56
     0 | D:1      | 0 ||| qw: Game counter: 5646
     0 | D:1      | 0 ||| qw: Melee chars always use a shield: true
     0 | D:1      | 0 ||| qw: God list: Okawaru
     0 | D:1      | 0 ||| qw: Allow faded altars: false
     0 | D:1      | 0 ||| qw: Do Orc after clearing Dungeon:15 true
     0 | D:1      | 0 ||| qw: Do second Lair branch before Depths: true
     0 | D:1      | 0 ||| qw: Lair rune preference: random
     0 | D:1      | 0 ||| qw: Goals: Normal
     0 | D:1      | 0 ||| PLANNING D:1-11
    39 | D:1      | Reached skill level 3 in Dodging
    58 | D:1      | You fall into a shaft and drop 1 floor!
    68 | D:2      | 68 ||| DROPPING scroll of butterflies.
    82 | D:1      | HP: 2/10 [kobold/+0 dagger (1)]
    83 | D:1      | Slain by a hobgoblin

Levels and vault maps discovered:
D:1:      eino_arrival_cavern_a, layout_basic,
          hellmonk_ecumenical_altar_arch_garden
D:2:      layout_rooms, chequers_serial_rivers_small_a

Skill      XL: |  1 |
---------------+----+-----
Dodging        | 3 |  3.1
Fighting       | |  1.5
Ranged Weapons | |  4.0
Stealth        | |  1.5

Action                     || total
---------------------------++-------
   Fire: Shortbow          ||    14
 Armour: Robe              ||     6
  Dodge: Dodged            ||    17

Table legend:
 A = Non-vault XP
 B = Vault XP
 C = Vault XP percentage of total XP
 D = Non-vault monster count
 E = Vault monster count
 F = Vault count percentage of total count
                 A         B        C        D         E       F
            +---------+---------+-------+---------+---------+-------
      Total |       6 |       0 |   0.0 |       3 |       0 |   0.0
            +---------+---------+-------+---------+---------+-------
        D:1 |       6 |       0 |   0.0 |       3 |       0 |   0.0
            +---------+---------+-------+---------+---------+-------
